 Dungeon Crawl Stone Soup version 0.27-a0-1280-g9d2d252d84 (webtiles) character file.

Game seed: 8637680612997390423

56753 Gargoyl the Fighter (level 14, -4/113 HPs)
             Began as a Gnoll Abyssal Knight on June 12, 2021.
             Was the Champion of Lugonu.
             Slain by a wolf spider (15 damage)
             ... on level 6 of the Lair of Beasts on June 13, 2021.
             The game lasted 00:34:36 (26909 turns).

Gargoyl the Fighter (Gnoll Abyssal Knight)         Turns: 26909, Time: 00:34:37

Health: -4/113     AC: 37    Str: 15    XL:     14   Next: 83%
Magic:  27/27      EV: 11    Int: 15    God:    Lugonu [******]
Gold:   976        SH: 12    Dex: 23    Spells: 32/32 levels left

rFire    + . .     SeeInvis .   o - +4 spear (venom)
rCold    + . .     Faith    .   D - +0 kite shield
rNeg     . . .     Spirit   .   n - +11 chain mail of Umistrut {Int+3 Dex+7}
rPois    .         Reflect  .   C - +2 helmet
rElec    .         Harm     .   j - scarf {rC+ rF+}
rCorr    .         Rampage  .   e - +2 pair of gloves
Will     ++...                  m - +2 pair of boots
Stlth    ++........             L - amulet of the acrobat
HPRegen  0.28/turn              d - ring "Mysixt" {+Blink AC+4 Dex+3}
MPRegen  0.20/turn              u - ring of willpower

@: no status effects
A: fangs 1, strong nose, distributed training
a: Renounce Religion, Evoke Blink, Depart the Abyss, Bend Space, Banish,
Corrupt, Enter the Abyss, Brand Weapon With Distortion


You were on level 6 of the Lair of Beasts.
You worshipped Lugonu.
Lugonu was exalted by your worship.
You visited 2 branches of the dungeon, and saw 17 of its levels.
You visited the Abyss 1 time.

You collected 1282 gold pieces.
You spent 306 gold pieces at shops.

Inventory:

Hand Weapons
 h - a +3 war axe
 k - a +1 long sword of holy wrath
 l - a +2 hand axe
 o - a +4 spear of venom (weapon)
 G - a +3 scimitar of flaming
 T - a +4 executioner's axe of electrocution
Missiles
 g - 47 poisoned darts (quivered)
 p - 14 boomerangs of dispersal
 v - a curare-tipped dart
 x - a throwing net
 E - 9 atropa-tipped darts
Armour
 e - a +2 pair of gloves (worn)
 j - a scarf of resistance (worn)
 m - a +2 pair of boots (worn)
 n - the +11 chain mail of Umistrut (worn) {Int+3 Dex+7}
   (You acquired it on level 5 of the Dungeon)

   It affects your intelligence (+3).
   It affects your dexterity (+7).
 C - a +2 helmet (worn)
 D - a +0 kite shield (worn)
Jewellery
 d - the ring "Mysixt" (left hand) {+Blink AC+4 Dex+3}
   (You found it on level 3 of the Abyss)

   [ring of protection]

   It affects your AC (+4).
   It affects your dexterity (+3).
   It lets you blink.
 i - a +6 ring of strength
 u - a ring of willpower (right hand)
 A - the ring "Neunegg" {rPois rC+++ Int+5 Dex-3 Slay+2}
   (You acquired it on level 3 of the Lair of Beasts)

   [ring of poison resistance]

   It affects your intelligence (+5).
   It affects your dexterity (-3).
   It affects your accuracy and damage with ranged weapons and melee attacks
   (+2).
   It renders you almost immune to cold.
   It protects you from poison.
 L - an amulet of the acrobat (around neck)
 W - an amulet of guardian spirit
Wands
 c - a wand of digging (13)
 s - a wand of mindburst (32)
 H - a wand of acid (7)
 K - a wand of flame (41)
 M - a wand of iceblast (5)
 N - a wand of charming (5)
 P - a wand of paralysis (8)
Scrolls
 b - a scroll of fear
 q - 2 scrolls of fog
 y - 2 scrolls of teleportation
 z - 3 scrolls of holy word
 R - 3 scrolls of identify
 S - 2 scrolls of amnesia
 U - a scroll of enchant weapon
 V - a scroll of magic mapping
Potions
 a - 3 potions of haste
 f - 2 potions of resistance {unknown}
 r - 4 potions of lignification
 t - a potion of magic
 w - 2 potions of might
 B - a potion of brilliance
 F - a potion of ambrosia {unknown}
 I - a potion of flight {unknown}
 O - a potion of heal wounds
 Q - a potion of cancellation {unknown}


   Skills:
 + Level 11.4 Fighting
 + Level 9.5 Short Blades
 + Level 9.5 Long Blades
 + Level 10.5 Axes
 + Level 9.5 Maces & Flails
 + Level 9.5 Polearms
 + Level 9.5 Staves
 + Level 9.5 Slings
 + Level 9.5 Bows
 + Level 9.5 Crossbows
 + Level 9.5 Throwing
 + Level 10.5 Armour
 + Level 9.9 Dodging
 + Level 9.5 Stealth
 + Level 9.5 Shields
 + Level 9.5 Unarmed Combat
 + Level 9.5 Spellcasting
 + Level 8.0 Conjurations
 + Level 8.0 Hexes
 + Level 8.0 Summonings
 + Level 8.0 Necromancy
 + Level 8.0 Translocations
 + Level 8.0 Transmutations
 + Level 8.0 Fire Magic
 + Level 8.0 Ice Magic
 + Level 8.0 Air Magic
 + Level 8.0 Earth Magic
 + Level 8.0 Poison Magic
 + Level 11.2 Invocations
 + Level 9.5 Evocations


You had 32 spell levels left.
You didn't know any spells.
Your spell library contained the following spells:

 Spells                   Type           Power      Damage    Failure   Level
 Apportation              Tloc           62%        N/A       10%         1
 Foxfire                  Conj/Fire      100%       2x1d9     10%         1
 Freeze                   Ice            100%       1d11      10%         1
 Poisonous Vapours        Pois/Air       62%        N/A       14%         2
 Conjure Flame            Conj/Fire      31%        6-21      28%         3
 Frozen Ramparts          Ice            62%        1d8       28%         3
 Inner Flame              Hex/Fire       31%        N/A       28%         3
 Lesser Beckoning         Tloc           15%        N/A       28%         3
 Mephitic Cloud           Conj/Pois/Air  31%        N/A       28%         3
 Ozocubu's Armour         Ice            31%        N/A       28%         3
 Tukima's Dance           Hex            31%        N/A       28%         3
 Hailstorm                Conj/Ice       31%        3d8       67%         4
 Sticky Flame             Conj/Fire      31%        2d5       67%         4
 Alistair's Intoxication  Tmut/Pois      20%        N/A       95%         5
 Fireball                 Conj/Fire      15%        3d8       95%         5
 Freezing Cloud           Conj/Ice/Air   15%        6-21      95%         5
 Metabolic Englaciation   Hex/Ice        15%        N/A       95%         5
 Invisibility             Hex            15%        N/A       100%        6


Dungeon Overview and Level Annotations

Branches:
Dungeon (11/15)            Temple (0/1) D:5            Lair (6/6) D:11
 Shoals (0/4) Lair:3       Spider (0/4) Lair:4        Slime (0/5) Lair:6
    Orc (0/2) D:9

Altars:
Ashenzari
Cheibriados
Elyvilon
Gozag
Hepliaklqana
Makhleb
Qazlal
Trog
Wu Jian
Xom
Yredelemnul
Zin
Jiyva

Shops:
D:7 ?

Annotations:
D:6 1 runed translucent door
D:10 2 transporters, Nacht's ghost, journeyman GrFi
Lair:6 exclusion: oklob plant
Abyss:1 Sonja


Innate Abilities, Weirdness & Mutations

You have very sharp teeth.
Your uncanny sense of smell can sniff out nearby items.
Your experience applies equally to all skills.


Message History

Your bite misses the wolf spider.
The wolf spider is lightly wounded.
You feel extremely sick.
The wolf spider hits you but does no damage.
The wolf spider bites you!
You hit the wolf spider.
The wolf spider looks as sick as possible!
The wolf spider is lightly wounded.
* * * LOW HITPOINT WARNING * * *
You feel very sick.
The wolf spider hits you but does no damage.
You block the wolf spider's attack.
A cane toad comes into view.
* * * LOW HITPOINT WARNING * * *
You feel extremely sick.
* * * LOW HITPOINT WARNING * * *
You feel very sick.
The cane toad croaks.
You hear a croak.
You block the wolf spider's attack. The wolf spider completely misses you.
You hit the wolf spider.
The wolf spider looks as sick as possible!
You bite the wolf spider, but do no damage.
The wolf spider is heavily wounded.
* * * LOW HITPOINT WARNING * * *
You feel very sick. You block the wolf spider's attack.
The wolf spider bites you but does no damage.
You feel better. You block the wolf spider's attack.
The wolf spider closely misses you.
A black mamba comes into view.
Unknown command.
You closely miss the wolf spider.
The black mamba hisses angrily.
You bite the wolf spider, but do no damage.
The wolf spider is severely wounded.
The wolf spider hits you but does no damage.
The wolf spider bites you!
* * * LOW HITPOINT WARNING * * *
The wolf spider hits you!
You die...

#..........P....##
##.........##....# ∆∆∆∆∆
#..........##....# ∆∆∆∆
.#.......P..##....# .....
##...........##...# ....#
##...........##... S..s
#P......#.†...##..##..#
#.......###....##).#..#∆
##......P.###..@##.#S.# ∆
#...........###.sF.#..## ∆
#.............###†.S...#
###..............##..PP..#
#.#..............##..PP..#
#.............#####....##
#........P..###[.####### ∆
#.......P.###...##).# ∆
##......###....##..#


You could see a wolf spider (extremely poisoned), a black mamba and a cane toad.

Vanquished Creatures
  2 hydras
  Erica (D:11)
  4 two-headed ogres
  2 boulder beetles
  14 death yaks
  Urug (Lair:1)
  A wolf spider (Lair:6)
  A guardian serpent (Lair:6)
  6 elephants (Lair:5)
  The ghost of 27snakeeyes612 the Chopper, a novice VSFi of Makhleb (D:6)
  10 black mambas
  A torpor snail (Lair:1)
  9 cane toads
  An unseen horror (shapeshifter) (D:11)
  8 komodo dragons
  2 rime drakes (Lair:4)
  A polar bear (Lair:4)
  2 trolls
  4 hornets
  Grinder (D:5)
  20 blink frogs
  3 dream sheep (Lair:1)
  A shadow (D:11)
  12 spriggans (Lair:3)
  Sigmund (D:4)
  47 yaks
  11 wyverns
  2 redbacks (Lair:4)
  A steam dragon (D:8)
  4 basilisks
  15 water moccasins
  4 ice beasts
  6 orc warriors (D:9)
  A sky beast (D:6)
  4 black bears
  8 ogres
  3 boggarts (Lair:3)
  18 wolves
  3 centaurs
  A phantom (D:4)
  3 kobold brigands
  Blork the orc (D:3)
  9 bullfrogs
  4 gnoll sergeants (D:9)
  A scorpion (D:4)
  A water moccasin zombie (D:5)
  A wyvern skeleton (D:7)
  A water moccasin skeleton (D:4)
  15 killer bees
  3 wights (D:6)
  5 howler monkeys
  An electric eel (D:7)
  5 centaur zombies
  A bullfrog zombie (D:5)
  2 orc priests (D:4)
  2 gnoll shamans
  A centaur skeleton (D:7)
  4 iguanas
  Ijyb (D:3)
  7 orc wizards
  11 hell rats
  A hound zombie (D:5)
  A howler monkey zombie (D:9)
  19 gnolls
  A howler monkey skeleton (D:5)
  5 adders
  2 river rats (D:6)
  An ufetubus (D:4)
  3 worms
  5 dart slugs
  23 orcs
  5 endoplasms
  4 giant cockroaches
  5 goblins
  10 hobgoblins
  17 jackals
  15 kobolds
  5 quokkas
  9 ball pythons
  5 bats
  2 frilled lizards (D:1)
  5 rats
459 creatures vanquished.

Vanquished Creatures (collateral kills)
  A black mamba (Lair:1)
  A cane toad (Lair:1)
  5 yaks (Lair:1)
  A water moccasin zombie (D:5)
8 creatures vanquished.

Vanquished Creatures (others)
  25 fungi
  25 plants
50 creatures vanquished.

Grand Total: 517 creatures vanquished

Notes
Turn   | Place    | Note
-------+----------+-------------------------------------------
     0 | Abyss:1  | Gargoyl the Gnoll Abyssal Knight began the quest for the
                  | Orb.
     0 | Abyss:1  | Reached XP level 1. HP: 23/23 MP: 3/3
     5 | Abyss:1  | Noticed a large abomination
    66 | Abyss:3  | Identified the ring "Mysixt" {+Blink AC+4 Dex+3}
    83 | Abyss:3  | Noticed a starcursed mass
    95 | Abyss:3  | Noticed a sixfirhy
   103 | D:1      | Escaped the Abyss
   307 | D:1      | Reached * piety under Lugonu
   308 | D:1      | Reached XP level 2. HP: 28/29 MP: 5/5
   694 | D:1      | Reached XP level 3. HP: 27/35 MP: 6/6
   962 | D:1      | Reached ** piety under Lugonu
  1166 | D:2      | Reached skill level 1 in Short Blades
  1166 | D:2      | Reached skill level 1 in Long Blades
  1166 | D:2      | Reached skill level 1 in Maces & Flails
  1166 | D:2      | Reached skill level 1 in Polearms
  1166 | D:2      | Reached skill level 1 in Staves
  1166 | D:2      | Reached skill level 1 in Slings
  1166 | D:2      | Reached skill level 1 in Bows
  1166 | D:2      | Reached skill level 1 in Crossbows
  1166 | D:2      | Reached skill level 1 in Throwing
  1166 | D:2      | Reached skill level 1 in Stealth
  1166 | D:2      | Reached skill level 1 in Shields
  1166 | D:2      | Reached skill level 1 in Unarmed Combat
  1166 | D:2      | Reached skill level 1 in Spellcasting
  1166 | D:2      | Reached skill level 1 in Evocations
  1260 | D:2      | Reached XP level 4. HP: 41/41 MP: 7/7
  1310 | D:2      | Found a glowing silver altar of Zin.
  1665 | D:2      | Reached skill level 1 in Conjurations
  1665 | D:2      | Reached skill level 1 in Hexes
  1665 | D:2      | Reached skill level 1 in Summonings
  1665 | D:2      | Reached skill level 1 in Necromancy
  1665 | D:2      | Reached skill level 1 in Translocations
  1665 | D:2      | Reached skill level 1 in Transmutations
  1665 | D:2      | Reached skill level 1 in Fire Magic
  1665 | D:2      | Reached skill level 1 in Ice Magic
  1665 | D:2      | Reached skill level 1 in Air Magic
  1665 | D:2      | Reached skill level 1 in Earth Magic
  1665 | D:2      | Reached skill level 1 in Poison Magic
  1877 | D:2      | Reached XP level 5. HP: 47/47 MP: 8/8
  2499 | D:3      | Found a white marble altar of Elyvilon.
  2744 | D:3      | Noticed Ijyb
  2752 | D:3      | Killed Ijyb
  3218 | D:4      | Found a bloodstained altar of Trog.
  3248 | D:4      | Noticed Blork the orc
  3254 | D:4      | Noticed Sigmund
  3272 | D:5      | Entered Level 5 of the Dungeon
  3294 | D:5      | Reached *** piety under Lugonu
  3519 | D:3      | Killed Blork the orc
  3520 | D:3      | Reached skill level 5 in Invocations
  3520 | D:3      | Reached XP level 6. HP: 48/53 MP: 9/9
  3635 | D:4      | Identified the +1 ring mail "Liastrin" {Fly rC+ rN+}
  3934 | D:4      | Reached skill level 5 in Axes
  3934 | D:4      | Reached skill level 5 in Armour
  3934 | D:4      | Killed Sigmund
  3935 | D:4      | Reached XP level 7. HP: 34/59 MP: 10/10
  4461 | D:4      | Found a shimmering altar of Xom.
  4808 | D:4      | Found a stormy altar of Qazlal.
  5141 | D:5      | Upgraded the game from 0.27-a0-1277-g3808f8b1c9 to
                  | 0.27-a0-1280-g9d2d252d84
  5808 | D:5      | Found a staircase to the Ecumenical Temple.
  5819 | D:5      | Reached XP level 8. HP: 57/67 MP: 12/12
  5868 | D:5      | Noticed Grinder
  5896 | D:5      | Paralysed by Grinder for 3 turns
  5914 | D:5      | Killed Grinder
  6157 | D:5      | Identified a scroll of acquirement
  6157 | D:5      | Acquired the +11 chain mail of Umistrut {Int+3 Dex+7}
  6514 | D:5      | You fall into a shaft and drop 2 floors!
  6926 | D:7      | Found Uttic's Magic Scroll Shoppe.
  6991 | D:7      | Found a burning altar of Makhleb.
  7148 | D:6      | Reached XP level 9. HP: 72/72 MP: 14/14
  7273 | D:6      | Found a runed translucent door.
  7274 | D:6      | Noticed 27snakeeyes612's ghost (novice VSFi)
  7282 | D:6      | Reached **** piety under Lugonu
  7347 | D:6      | Killed 27snakeeyes612's ghost
  7348 | D:6      | Reached skill level 5 in Dodging
  7362 | D:6      | Found a runed translucent door.
  7785 | D:6      | Identified the +1 ring mail of the Cricket {Int+4}
  8578 | D:6      | Found an ornate altar of the Wu Jian Council.
  8585 | D:6      | Noticed a spectral centipede
  9217 | D:7      | Reached XP level 10. HP: 75/80 MP: 14/17
  9445 | D:7      | Bought a scroll of enchant weapon for 90 gold pieces
  9445 | D:7      | Bought a scroll of enchant weapon for 90 gold pieces
  9445 | D:7      | Bought a scroll of teleportation for 36 gold pieces
  9445 | D:7      | Bought a scroll of holy word for 90 gold pieces
  9743 | D:8      | Found an opulent altar of Gozag.
 10061 | D:8      | Found a snail-covered altar of Cheibriados.
 10096 | D:8      | Reached skill level 5 in Short Blades
 10096 | D:8      | Reached skill level 5 in Long Blades
 10096 | D:8      | Reached skill level 5 in Maces & Flails
 10096 | D:8      | Reached skill level 5 in Polearms
 10096 | D:8      | Reached skill level 5 in Staves
 10096 | D:8      | Reached skill level 5 in Slings
 10096 | D:8      | Reached skill level 5 in Bows
 10096 | D:8      | Reached skill level 5 in Crossbows
 10096 | D:8      | Reached skill level 5 in Throwing
 10096 | D:8      | Reached skill level 5 in Stealth
 10096 | D:8      | Reached skill level 5 in Shields
 10096 | D:8      | Reached skill level 5 in Unarmed Combat
 10096 | D:8      | Reached skill level 5 in Spellcasting
 10096 | D:8      | Reached skill level 5 in Evocations
 10810 | D:9      | Reached ***** piety under Lugonu
 10872 | D:9      | Noticed a two-headed ogre
 10908 | D:9      | Killed a two-headed ogre
 11791 | D:9      | Reached XP level 11. HP: 50/87 MP: 14/19
 12231 | D:9      | Noticed a two-headed ogre
 12248 | D:9      | Killed a two-headed ogre
 12249 | D:9      | Reached skill level 5 in Conjurations
 12249 | D:9      | Reached skill level 5 in Hexes
 12249 | D:9      | Reached skill level 5 in Summonings
 12249 | D:9      | Reached skill level 5 in Necromancy
 12249 | D:9      | Reached skill level 5 in Translocations
 12249 | D:9      | Reached skill level 5 in Transmutations
 12249 | D:9      | Reached skill level 5 in Fire Magic
 12249 | D:9      | Reached skill level 5 in Ice Magic
 12249 | D:9      | Reached skill level 5 in Air Magic
 12249 | D:9      | Reached skill level 5 in Earth Magic
 12249 | D:9      | Reached skill level 5 in Poison Magic
 12358 | D:9      | Found a staircase to the Orcish Mines.
 12737 | D:10     | Entered Level 10 of the Dungeon
 12804 | D:10     | Found a transporter.
 12811 | D:10     | Noticed a moth of wrath
 12811 | D:10     | Noticed a manticore
 12812 | D:10     | Noticed Nacht's ghost (journeyman GrFi)
 12828 | D:10     | Found a transporter.
 13022 | D:10     | Found a broken altar of Ashenzari.
 13060 | D:10     | Noticed a catoblepas
 13097 | D:10     | Noticed a two-headed ogre
 13108 | D:10     | Killed a two-headed ogre
 13380 | D:10     | Found a hazy altar of Hepliaklqana.
 13647 | D:11     | Found a basalt altar of Yredelemnul.
 13649 | D:11     | Noticed Sonja
 13667 | D:11     | Banished Sonja
 13960 | D:11     | Noticed Erica
 13977 | D:11     | Killed Erica
 14271 | D:11     | Noticed a death yak
 14274 | D:11     | Noticed a death yak
 14274 | D:11     | Noticed a death yak
 14279 | D:11     | Noticed a death yak
 14341 | D:10     | Killed a death yak
 14342 | D:10     | Reached XP level 12. HP: 88/96 MP: 22/22
 14406 | D:10     | Killed a death yak
 14520 | D:11     | Noticed a death yak
 14558 | D:10     | Killed a death yak
 14752 | D:10     | Killed a death yak
 14777 | D:10     | Killed a death yak
 15666 | D:11     | Found a staircase to the Lair.
 15841 | D:11     | Noticed a boulder beetle
 15862 | D:11     | Killed a boulder beetle
 15996 | D:11     | Noticed a two-headed ogre
 16015 | D:11     | Killed a two-headed ogre
 16355 | Lair:1   | Entered Level 1 of the Lair of Beasts
 16392 | Lair:1   | Reached skill level 10 in Fighting
 17216 | Lair:1   | Reached XP level 13. HP: 99/103 MP: 24/24
 17870 | Lair:2   | Noticed Urug
 17920 | Lair:1   | Reached skill level 10 in Invocations
 18009 | Lair:1   | Reached ****** piety under Lugonu
 18538 | Lair:1   | Killed Urug
 19793 | Lair:3   | Acquired the ring "Neunegg" {rPois rC+++ Int+5 Dex-3
                  | Slay+2}
 20997 | Lair:3   | Reached XP level 14. HP: 93/111 MP: 23/26
 21224 | Lair:3   | Reached skill level 10 in Axes
 21224 | Lair:3   | Reached skill level 10 in Armour
 21543 | Lair:3   | Found a staircase to the Shoals.
 23795 | Lair:4   | Found a hole to the Spider Nest.
 24555 | Lair:5   | Found a white marble altar of Elyvilon.
 24665 | Lair:5   | Acquired a +4 executioner's axe of electrocution
 25724 | Lair:6   | Entered Level 6 of the Lair of Beasts
 26637 | Lair:6   | Found a viscous altar of Jiyva.
 26637 | Lair:6   | Found a staircase to the Slime Pits.
 26909 | Lair:6   | Slain by a wolf spider

Illustrated notes

Levels and vault maps discovered:
D:1:      tarquinn_simple_flora_water_e, layout_basic, hangedman_glass_teeth,
          minivault_25, hangedman_abyss_or_decor_stabs
D:2:      layout_loops_ring, basic_altar, roderic_lattice_a,
          kennysheep_nondescript, kennysheep_decorative_pillar,
          minmay_stone_trees_medium
D:3:      layout_basic, general_overflow_altar, small_statue_intersection,
          uniq_ijyb
D:4:      wad_pebble_path, layout_layer_cave, trog_book, lemuel_doored_altar,
          xom_butterflies, uniq_blork_the_orc, uniq_sigmund
D:5:      layout_cave_pods, minmay_temple_entry_wispy, uniq_grinder
D:6:      layout_loops_ring, pdpol_wu_jian_five_deadly_venoms,
          ebering_ghost_sewer_f, minmay_unpleasant_kobolds
D:7:      layout_basic, kennysheep_mini_moat, serial_shops,
          nicolae_shop_waterfront, serial_curves, eino_curves_03,
          eino_curves_02, minivault_4
D:8:      layout_loops_corners, lemuel_crystal_altar, nicolae_gozag_seed_capital
D:9:      layout_loops_corners, kennysheep_orc_monster_closet_entryway
D:10:     layout_roguey, nicolae_overflow_hidden_temple,
          overflow_temple_1_default, gammafunk_ghost_berserking_beasts
D:11:     layout_irregular_city, dpeg_lair_monsters, small_chamber_with_monster,
          yredelemnul_altar_generic, uniq_sonja, uniq_erica
Lair:1:   layout_misc_corridors, chequers_serial_rivers_micro_e, st_stairs_3,
          grunt_megastairs_1
Lair:2:   layout_big_grid, uniq_urug
Lair:3:   kb_forest_paths, layout_regular_city, shoals_dummy_entry
Lair:4:   layout_regular_city, spider_nest_entry_a, lemuel_fruit_fields,
          grunt_megastairs_2
Lair:5:   layout_layer_cave, basic_altar
Lair:6:   hangedman_lair_tendril_chambers, layout_regular_city, slime_altar_1,
          st_stairs_6, nicolae_quartered_pool_little,
          infiniplex_staircase_pool_2

Skill      XL: |  1  2  3  4  5  6  7  8  9 10 11 12 13 14 |
---------------+-------------------------------------------+-----
Short Blades   | 1 2 3 4 5 6 7 8 9 |  9.5
Long Blades    | 1 2 3 4 5 6 7 8 9 |  9.5
Maces & Flails | 1 2 3 4 5 6 7 8 9 |  9.5
Polearms       | 1 2 3 4 5 6 7 8 9 |  9.5
Staves         | 1 2 3 4 5 6 7 8 9 |  9.5
Slings         | 1 2 3 4 5 6 7 8 9 |  9.5
Bows           | 1 2 3 4 5 6 7 8 9 |  9.5
Crossbows      | 1 2 3 4 5 6 7 8 9 |  9.5
Throwing       | 1 2 3 4 5 6 7 8 9 |  9.5
Stealth        | 1 2 3 4 5 6 7 8 9 |  9.5
Shields        | 1 2 3 4 5 6 7 8 9 |  9.5
Unarmed Combat | 1 2 3 4 5 6 7 8 9 |  9.5
Spellcasting   | 1 2 3 4 5 6 7 8 9 |  9.5
Evocations     | 1 2 3 4 5 6 7 8 9 |  9.5
Conjurations   | 1 2 3 4 5 6 7 8 |  8.0
Hexes          | 1 2 3 4 5 6 7 8 |  8.0
Summonings     | 1 2 3 4 5 6 7 8 |  8.0
Necromancy     | 1 2 3 4 5 6 7 8 |  8.0
Translocations | 1 2 3 4 5 6 7 8 |  8.0
Transmutations | 1 2 3 4 5 6 7 8 |  8.0
Fire Magic     | 1 2 3 4 5 6 7 8 |  8.0
Ice Magic      | 1 2 3 4 5 6 7 8 |  8.0
Air Magic      | 1 2 3 4 5 6 7 8 |  8.0
Earth Magic    | 1 2 3 4 5 6 7 8 |  8.0
Poison Magic   | 1 2 3 4 5 6 7 8 |  8.0
Dodging        | 3 4 5 6 7 8 9 |  9.9
Invocations    | 5 6 7 8 9 10 11 | 11.2
Axes           | 5 6 7 8 9 10 | 10.5
Armour         | 5 6 7 8 9 10 | 10.5
Fighting       | 7 8 9 10 11 | 11.4

Action                   |  1- 3 |  4- 6 |  7- 9 | 10-12 | 13-15 || total
-------------------------+-------+-------+-------+-------+-------++-------
Melee: Hand axe          |   119 |   208 |   220 |       |       ||   547
       Bite              |    16 |    22 |    73 |   240 |   318 ||   669
       Punch             |       |     1 |     5 |     1 |       ||     7
       Spear             |       |       |   287 |  1099 |  1635 ||  3021
Throw: Dart              |       |       |    10 |    35 |     4 ||    49
Invok: Depart the Abyss  |     1 |       |       |       |       ||     1
       Banish            |       |       |       |     2 |     1 ||     3
       Bend Space        |       |       |       |     1 |     1 ||     2
Evoke: Wand              |       |       |     8 |       |       ||     8
  Use: Scroll            |     1 |     6 |     9 |    11 |     4 ||    31
       Potion            |       |     2 |     3 |     5 |     7 ||    17
 Stab: Sleeping          |       |       |       |       |     2 ||     2
Armor: Leather armour    |    41 |       |       |       |       ||    41
       Chain mail        |    67 |   180 |   378 |   703 |   901 ||  2229
       Skin              |       |       |       |       |    12 ||    12
Dodge: Dodged            |    83 |    66 |   197 |   299 |   632 ||  1277
Block: Buckler           |       |       |       |    69 |       ||    69
       Kite shield       |       |       |       |   424 |  1026 ||  1450

Table legend: (Time is in decaauts)
 A = Elapsed time spent in this place.
 B = Non-inter-level travel time spent in this place.
 C = Inter-level travel time spent in this place.
 D = Time resting spent in this place.
 E = Time spent auto-exploring this place.
 F = Levels seen in this place.
 G = Mean time per level.
                   A        B        C        D        E       F      G
               +--------+--------+--------+--------+--------+-----+--------+
         Total |  26506 |  26078 |    428 |   4740 |  15442 |  20 | 1325.3 |
       Dungeon |  16613 |  16276 |    337 |   2534 |  10256 |  11 | 1510.3 |
          Lair |   9791 |   9700 |     91 |   2205 |   5128 |   6 | 1631.8 |
         Abyss |    102 |    102 |      0 |      0 |     58 |   3 |   34.0 |
               +--------+--------+--------+--------+--------+-----+--------+

Top non-repeatable levels by time:
    D:11: 2469 daAuts
  Lair:3: 2285 daAuts
     D:9: 2160 daAuts
  Lair:1: 2108 daAuts
  Lair:5: 2011 daAuts
     D:4: 1924 daAuts
  Lair:4: 1834 daAuts
    D:10: 1544 daAuts
     D:5: 1446 daAuts
     D:7: 1439 daAuts
     D:6: 1311 daAuts
     D:3: 1257 daAuts
     D:2: 1071 daAuts
     D:1: 1043 daAuts
     D:8: 944 daAuts
